 Dungeon Crawl Stone Soup version 0.30-a0-802-gb92711bcdf (webtiles) character file.

Game seed: 1176528262980512775

7 sircluck the Cudgeller (level 2, -1/23 HPs)
             Began as a Hill Orc Wanderer on Feb 23, 2023.
             Slain by a kobold
             ... wielding a +0 whip
              (4 damage)
             ... on level 1 of the Dungeon.
             The game lasted 00:01:15 (144 turns).

sircluck the Cudgeller (Hill Orc Wanderer)           Turns: 144, Time: 00:01:15

Health: -1/23      AC:  2    Str: 14    XL:     2   Next: 4%
Magic:  3/3        EV: 11    Int: 14    God:
Gold:   16         SH:  0    Dex:  8    Spells: 2/3 levels left

rFire   . . .      SeeInvis .    a - +0 flail
rCold   . . .      Faith    .    (no shield)
rNeg    . . .      Spirit   .    e - +0 robe
rPois   .          Reflect  .    (no helmet)
rElec   .          Harm     .    (no cloak)
rCorr   .          Rampage  .    (no gloves)
Will    .....                    (no boots)
Stlth   +                        (no amulet)
HPRegen 0.23/turn                (no ring)
MPRegen 0.08/turn                (no ring)

@: no status effects
A: no striking features
a: no special abilities


You were on level 1 of the Dungeon.
You visited 1 branch of the dungeon, and saw 1 of its levels.

You collected 16 gold pieces.

Inventory:

Hand Weapons
 a - a +0 flail (weapon)
 c - a +0 dagger
Armour
 e - a +0 robe (worn)
Scrolls
 f - a scroll of acquirement {unknown}
Potions
 d - a potion of brilliance


   Skills:
 + Level 1.5 Fighting
 + Level 3.4 Maces & Flails
 + Level 1.0 Throwing
 + Level 1.0 Dodging
 + Level 1.0 Spellcasting
 + Level 3.2 Summonings


You had 2 spell levels left.
You knew the following spells:

 Your Spells              Type           Power      Damage    Failure   Level
a - Summon Small Mammal   Summ           36%        N/A       7%          1

Your spell library contained the following spells:

 Spells                   Type           Power      Damage    Failure   Level
 Call Canine Familiar     Summ           9%         N/A       21%         3


Dungeon Overview and Level Annotations

Branches:
Dungeon (1/15)

Altars:


Message History

The kobold barely misses you. The quokka bites you.
You completely miss the kobold.
The kobold is severely wounded.
You kill the kobold!
The quokka bites you. The kobold hits you with a +0 whip.
The quokka misses you.
You are too injured to fight recklessly!
You are too injured to fight recklessly!
You are too injured to fight recklessly!
You are too injured to fight recklessly!
You are too injured to fight recklessly!
You are too injured to fight recklessly!
You are too injured to fight recklessly!
You are too injured to fight recklessly!
You are too injured to fight recklessly!
You are too injured to fight recklessly!
You are too injured to fight recklessly!
You are too injured to fight recklessly!
You are too injured to fight recklessly!
You are too injured to fight recklessly!
You are too injured to fight recklessly!
You are too injured to fight recklessly!
You hit the quokka.
You kill the quokka!
The kobold hits you with a +0 whip.
* * * LOW HITPOINT WARNING * * *
You have reached level 2!
You hit the endoplasm.
The endoplasm is lightly wounded.
The kobold hits you but does no damage. The endoplasm closely misses you.
You hit the endoplasm but do no damage.
The endoplasm is lightly wounded.
The kobold closely misses you. The endoplasm freezes you.
You are frozen.
* * * LOW HITPOINT WARNING * * *
You thump the endoplasm!
You kill the endoplasm!
The kobold hits you with a +0 whip.
You die...

..##.##........
#.##.##........
#.#####.##...........
............#†###.## ###
###...........##.## ....
#................. .....
#................#
(.....#.†.......†.......
(.>(...@#.............#.
....((K##...........#.#
.....#. #.#...##...#....
.....#. #.#####...##....
.#.. #. #.# #...#.......
## #. #.# #.#####.....
.. #'# #.... .. ##.#
.... ##..# ...


You could see a kobold.

Vanquished Creatures
  An endoplasm (D:1)
  A giant cockroach (D:1)
  2 hobgoblins (D:1)
  A quokka (D:1)
  A frilled lizard (D:1)
  A kobold (D:1)
  A rat (D:1)
8 creatures vanquished.

Notes
Turn   | Place    | Note
-------+----------+-------------------------------------------
     0 | D:1      | sircluck the Hill Orc Wanderer began the quest for the Orb.
     0 | D:1      | sircluck set off with the following items: a +0 flail, 11
                  | poisoned darts, a +0 dagger, a potion of brilliance, a +0
                  | robe; and the following spell memorised: Summon Small
                  | Mammal; and the following spells available to memorise:
                  | Call Canine Familiar.
     0 | D:1      | Reached XP level 1. HP: 16/16 MP: 2/2
   142 | D:1      | Reached XP level 2. HP: 6/23 MP: 3/3
   144 | D:1      | Slain by a kobold

Illustrated notes

Levels and vault maps discovered:
D:1:      mrwooster_arrival_arrow, layout_rooms,
          dreamdust_ecumenical_altar_drowned_temple, dreamdust_princess_bridge

Action                     || total
---------------------------++-------
  Melee: Flail             ||    23
  Throw: Dart              ||    12
 Armour: Robe              ||     5
  Dodge: Dodged            ||    18

Table legend: (Time is in decaauts)
 A = Elapsed time spent in this place.
 B = Non-inter-level travel time spent in this place.
 C = Inter-level travel time spent in this place.
 D = Time resting spent in this place.
 E = Time spent auto-exploring this place.
 F = Levels seen in this place.
 G = Mean time per level.
                   A        B        C        D        E       F      G
               +--------+--------+--------+--------+--------+-----+--------+
         Total |    148 |    148 |      0 |     53 |     24 |   1 |  148.0 |
       Dungeon |    148 |    148 |      0 |     53 |     24 |   1 |  148.0 |
               +--------+--------+--------+--------+--------+-----+--------+

Top non-repeatable levels by time:
     D:1: 148 daAuts
